 Dungeon Crawl Stone Soup version 0.25-a0-589-g1e14c549ee (webtiles) character file.

Game seed: 13179260887868202226, levelgen mode: deterministic

170 Gynju the Thaumaturge (level 5, -1/28 HPs)
             Began as a Deep Elf Wizard on Mar 13, 2020.
             Slain by a gnoll
             ... wielding a +0 club
              (9 damage)
             ... on level 3 of the Dungeon.
             The game lasted 00:03:54 (2776 turns).

Gynju the Thaumaturge (Deep Elf Wizard)             Turns: 2776, Time: 00:03:55

Health: -1/28      AC:  4    Str:  5    XL:     5   Next: 26%
Magic:  3/17       EV: 13    Int: 23    God:
Gold:   171        SH:  0    Dex: 13    Spells: 15/20 levels left

rFire    x . .     SeeInvis .   r - +0 morningstar
rCold    + . .     Gourm    .   (no shield)
rNeg     . . .     Faith    .   a - +0 robe
rPois    .         Spirit   .   t - +0 helmet
rElec    .         Reflect  .   (no cloak)
rCorr    .         Harm     .   p - +0 pair of gloves (curse)
MR       .....                  (no boots)
Stlth    ++........             (no amulet)
HPRegen  0.09/turn              l - ring of ice
MPRegen  0.15/turn              (no ring)

@: very slightly contaminated
A: no striking features
a: no special abilities


You were on level 3 of the Dungeon.
You were not hungry.

You visited 1 branch of the dungeon, and saw 3 of its levels.

You collected 171 gold pieces.

Inventory:

Hand Weapons
 h - a +0 whip
 r - a +0 morningstar (weapon)
Armour
 a - a +0 robe (worn)
 p - a cursed +0 pair of gloves (worn)
 t - a +0 helmet (worn)
Jewellery
 l - a ring of ice (left hand)
Wands
 s - a wand of flame (10)
Scrolls
 b - a scroll of random uselessness {unknown}
 c - a scroll of amnesia
 e - a scroll of teleportation
 i - a scroll of enchant armour {unknown}
 j - 7 scrolls of identify {unknown}
 m - 2 scrolls of remove curse {@r2}
Potions
 f - 3 potions of curing {unknown}
 g - 2 potions of lignification {unknown}
 k - a potion of degeneration {unknown}
 n - a potion of berserk rage {unknown}
 o - a potion of flight {unknown}
Comestibles
 d - 6 rations


   Skills:
 - Level 2.4 Dodging
 - Level 2.4 Stealth
 + Level 8.2 Spellcasting
 - Level 1.1 Conjurations
 - Level 1.1 Summonings
 - Level 1.1 Translocations


You had 15 spell levels left.
You knew the following spells:

 Your Spells              Type           Power        Failure   Level  Hunger
a - Magic Dart            Conj           ##..         4%          1    None
b - Blink                 Tloc           N/A          7%          2    None
c - Call Imp              Summ           ##......     7%          2    None

Your spell library contained the following spells:

 Spells                   Type           Power        Failure   Level  Hunger
 Slow                     Hex            #.......     11%         2    None
 Conjure Flame            Conj/Fire      ##......     16%         3    None
 Mephitic Cloud           Conj/Pois/Air  ##......     17%         3    None


Dungeon Overview and Level Annotations

Branches:
Dungeon (3/15)

Altars:
Yredelemnul


Message History

The gnoll hits you with a +0 club.
Casting: Magic Dart (safe; 4% risk of failure)
Confirm with . or Enter, or press ? or * to list all spells.
Aiming: Magic Dart (safe; 4% risk of failure)
Press: ? - help, Shift-Dir - straight line, f/p - gnoll
Aim: a gnoll, wielding a +0 club (moderately wounded)
The magic dart hits the gnoll.
The gnoll is moderately wounded.
The gnoll closely misses you.
Casting: Magic Dart (safe; 4% risk of failure)
Confirm with . or Enter, or press ? or * to list all spells.
Aiming: Magic Dart (safe; 4% risk of failure)
Press: ? - help, Shift-Dir - straight line, f/p - gnoll
Aim: a gnoll, wielding a +0 club (moderately wounded)
The magic dart hits the gnoll.
The gnoll is moderately wounded.
You feel sick.
You are no longer poisoned.
The gnoll hits you with a +0 club!
You die...

........†............##....#.....
..........§..........#.....#.###.
.........§.§......#..........###.
..).......§.......#..........#...
....))............#..............
............g.....#.....####.....
.....#####..5.g..................
.....#####....l.g..........#.....
....[#..........@..........#.....
.....#...........................
............................#....
####........................#....
#....).................####+#.
#......................# ....
..........................##....#
..........##..............##....#
..........##..............##..( #


You could see 3 gnolls, a leopard gecko and a friendly crimson imp.

Vanquished Creatures
  Robin (D:3)
  6 adders
  An adder skeleton (D:2)
  A worm (D:2)
  2 dart slugs (D:1)
  3 leopard geckos (D:1)
  4 giant cockroaches
  10 goblins
  9 hobgoblins
  6 kobolds
  A quokka (D:2)
  8 bats
  8 rats
60 creatures vanquished.

Vanquished Creatures (collateral kills)
  An orc wizard (D:3)
  2 adders (D:3)
  A worm (D:2)
  A hobgoblin (D:3)
  5 goblins (D:3)
10 creatures vanquished.

Grand Total: 70 creatures vanquished

Notes
Turn   | Place    | Note
-------+----------+-------------------------------------------
     0 | D:1      | Gynju the Deep Elf Wizard began the quest for the Orb.
     0 | D:1      | Reached XP level 1. HP: 10/10 MP: 7/7
   197 | D:1      | Reached skill level 5 in Spellcasting
   217 | D:1      | Reached XP level 2. HP: 15/15 MP: 7/10
   415 | D:1      | You fall into a shaft and drop 1 floor!
   549 | D:2      | Reached XP level 3. HP: 19/19 MP: 6/12
   629 | D:2      | Reached skill level 6 in Spellcasting
  1219 | D:1      | Learned a level 2 spell: Blink
  1222 | D:1      | Learned a level 2 spell: Call Imp
  1404 | D:2      | Reached XP level 4. HP: 19/24 MP: 3/14
  1501 | D:2      | Reached skill level 7 in Spellcasting
  1671 | D:2      | Found a basalt altar of Yredelemnul.
  2005 | D:3      | Noticed Robin
  2371 | D:3      | Reached XP level 5. HP: 28/28 MP: 14/17
  2477 | D:3      | Reached skill level 8 in Spellcasting
  2505 | D:3      | Killed Robin
  2776 | D:3      | Slain by a gnoll

Levels and vault maps discovered:
D:1:      dpeg_arrival_lava_altar, layout_rooms
D:2:      layout_rooms, lemuel_crystal_altar, first_ration
D:3:      layout_basic, uniq_robin

Skill      XL: |  1  2  3  4  5 |
---------------+----------------+-----
Spellcasting   | 5 6 7 8 |  8.2
Dodging        | |  2.4
Stealth        | |  2.4
Conjurations   | |  1.1
Summonings     | |  1.1
Translocations | |  1.1

Action                   |  1- 3 |  4- 6 || total
-------------------------+-------+-------++-------
Melee: Morningstar       |       |     3 ||     3
 Cast: Magic Dart        |    99 |    81 ||   180
       Call Imp          |     3 |     9 ||    12
  Use: Scroll            |     4 |       ||     4
  Eat: Chunk             |     1 |     4 ||     5
Armor: Robe              |       |     5 ||     5
Dodge: Dodged            |    11 |    35 ||    46

Table legend:
 A = Non-vault XP
 B = Vault XP
 C = Vault XP percentage of total XP
 D = Non-vault monster count
 E = Vault monster count
 F = Vault count percentage of total count
                 A         B        C        D         E       F
            +---------+---------+-------+---------+---------+-------
      Total |     216 |      28 |  11.5 |      59 |      11 |  15.7
            +---------+---------+-------+---------+---------+-------
        D:1 |      43 |       0 |   0.0 |      21 |       0 |   0.0
        D:2 |      96 |       0 |   0.0 |      24 |       0 |   0.0
        D:3 |      77 |      28 |  26.7 |      14 |      11 |  44.0
            +---------+---------+-------+---------+---------+-------
